 Dungeon Crawl Stone Soup version 0.23.2-1-ga50397a (webtiles) character file.

Game seed: 7924919734826558944

120 esteth the Grave Robber (level 4, 0/31 HPs)
             Began as a Demonspawn Necromancer on Apr 16, 2019.
             Slain by an orc priest
             ... wielding a +1 hand axe of electrocution
              (13 damage)
             ... on level 4 of the Dungeon.
             The game lasted 00:11:06 (4628 turns).

esteth the Grave Robber (Demonspawn Necromancer)    Turns: 4628, Time: 00:11:07

Health: 0/31       AC:  2    Str:  8    XL:     4   Next: 75%
Magic:  8/9        EV: 12    Int: 17    God:
Gold:   151        SH:  0    Dex: 14    Spells: 0/9 levels left

rFire    . . .     SeeInvis .   j - +0 spear
rCold    + . .     Gourm    .   (no shield)
rNeg     . . .     Faith    .   a - +0 robe
rPois    .         Spirit   .   (no helmet)
rElec    .         Reflect  .   (no cloak)
rCorr    .         Harm     .   (no gloves)
MR       .....                  (no boots)
Stlth    ++........             (no amulet)
HPRegen  0.10/turn              s - ring of wizardry
MPRegen  0.11/turn              (no ring)

@: no status effects
A: cold resistance 1, powered by pain 2
a: no special abilities


You were on level 4 of the Dungeon.
You were very hungry.

You visited 1 branch of the dungeon, and saw 4 of its levels.

You collected 151 gold pieces.

Inventory:

Hand Weapons
 b - a +0 whip
 j - a +0 spear (weapon)
 r - a +1 short sword of speed
Armour
 a - a +0 robe (worn)
Jewellery
 k - an uncursed ring of positive energy
 q - an uncursed amulet of guardian spirit
 s - a ring of wizardry (left hand)
 w - an uncursed ring of protection from fire {unknown}
 y - an uncursed amulet of faith
 z - a cursed amulet of inaccuracy {unknown}
Wands
 x - a wand of flame (12)
Scrolls
 g - a scroll of amnesia {unknown}
 i - a scroll of teleportation {unknown}
 l - a scroll of fear
 m - 2 scrolls of enchant weapon {unknown}
 n - a scroll of remove curse {unknown}
 o - 2 scrolls of immolation {unknown}
 p - a scroll of magic mapping {unknown}
 u - a scroll of fog {unknown}
Potions
 d - a potion of ambrosia {unknown}
 e - a potion of cancellation {unknown}
 f - 2 potions of flight {unknown}
 h - a potion of degeneration {unknown}
 t - a potion of agility {unknown}
 v - a potion of brilliance {unknown}
Comestibles
 c - 7 rations


   Skills:
 + Level 0.5 Fighting
 + Level 0.4 Polearms
 - Level 1.7 Dodging
 - Level 1.7 Stealth
 - Level 3.4 Spellcasting
 - Level 5.6 Necromancy


You couldn't memorise any spells.
You knew the following spells:

 Your Spells              Type           Power        Failure   Level  Hunger
a - Pain                  Necr           ###.         1%          1    None
b - Animate Skeleton      Necr           N/A          1%          1    None
c - Regeneration          Chrm/Necr      ##........   6%          3    ###....
d - Animate Dead          Necr           N/A          7%          4    ####...

Your spell library contained the following spells:

 Spells                   Type           Power        Failure   Level  Hunger
 Vampiric Draining        Necr           ###.......   1%          3    ###....


Dungeon Overview and Level Annotations

Branches:
Dungeon (4/15)
 Temple: D:4-7

Altars:
Hepliaklqana
Uskayaw
The Shining One


Innate Abilities, Weirdness & Mutations

Your flesh is cold resistant. (rC+)
You sometimes gain power by taking damage.


Message History

Casting: Pain (safe; 1% risk of failure)
Confirm with . or Enter, or press ? or * to list all spells.
Aiming: Pain (safe; 1% risk of failure)
Press: ? - help, Shift-Dir - straight line, f - orc priest, p - orc
Aim: an orc priest, wielding a +1 hand axe of electrocution (chance to defeat MR: 80%)
The orc writhes in agony.
You kill the orc!
The orc wizard shouts!
The orc wizard casts a spell.
The orc wizard seems to speed up.
Casting: Pain (safe; 1% risk of failure)
Confirm with . or Enter, or press ? or * to list all spells.
Aiming: Pain (safe; 1% risk of failure)
Press: ? - help, Shift-Dir - straight line, f/p - orc priest
Aim: an orc priest, wielding a +1 hand axe of electrocution (chance to defeat MR: 80%)
The orc priest barely resists.
An orc comes into view. It is wielding a +0 whip.
The orc priest hits you with a +1 hand axe of electrocution.
You are electrocuted!
You die...

#..#%...# #..#....#
######..#....####
.....(.<........##
........#.#...)..#
........+[#....[.#
........###......####(.
.......................
........###....@[.###..
######### #.....o.#
#.#####o# #. o.# # o..#
#..# ..# .#


You could see an orc priest, an orc wizard and an orc.

Vanquished Creatures
  A hound skeleton (D:2)
  A gnoll (D:1)
  An adder (D:3)
  An ooze (D:1)
  A worm (D:2)
  A dart slug (D:1)
  2 leopard geckos
  3 orcs
  7 bats
  3 giant cockroaches
  6 hobgoblins
  7 jackals
  3 frilled lizards
  11 goblins
  9 kobolds
  5 rats
62 creatures vanquished.

Vanquished Creatures (collateral kills)
  2 giant cockroaches
  3 hobgoblins (D:3)
  A jackal (D:3)
  A bat (D:3)
  4 goblins
  A rat (D:2)
12 creatures vanquished.

Grand Total: 74 creatures vanquished

Notes
Turn   | Place    | Note
-------+----------+-------------------------------------------
     0 | D:1      | esteth the Demonspawn Necromancer began the quest for the
                  | Orb.
     0 | D:1      | Reached XP level 1. HP: 13/13 MP: 3/3
     2 | D:1      | Learned a level 1 spell: Animate Skeleton
   665 | D:1      | Gained mutation: You sometimes gain a little power by
                  | taking damage. [demonic ancestry]
   665 | D:1      | Reached XP level 2. HP: 12/19 MP: 5/5
  1264 | D:1      | Reached skill level 5 in Necromancy
  1264 | D:1      | Gained mutation: You sometimes gain power by taking damage.
                  | [demonic ancestry]
  1264 | D:1      | Reached XP level 3. HP: 3/24 MP: 1/7
  2025 | D:1      | Learned a level 3 spell: Regeneration
  2226 | D:2      | Found a hazy altar of Hepliaklqana.
  2788 | D:2      | Gained mutation: Your flesh is cold resistant. (rC+)
                  | [demonic ancestry]
  2788 | D:2      | Reached XP level 4. HP: 25/30 MP: 5/8
  2981 | D:2      | Learned a level 4 spell: Animate Dead
  3732 | D:3      | Found a hide-covered altar of Uskayaw.
  4064 | D:3      | Found a glowing golden altar of the Shining One.
  4628 | D:4      | Slain by an orc priest

Skill      XL: |  1  2  3 |
---------------+----------+-----
Necromancy     | 5 |  5.6
Spellcasting   | 3 |  3.4
Fighting       | |  0.5
Polearms       | |  0.4
Dodging        | |  1.7
Stealth        | |  1.7

Action                   |  1- 3 |  4- 6 || total
-------------------------+-------+-------++-------
Melee: Whip              |    30 |       ||    30
       Spear             |    79 |   113 ||   192
 Cast: Pain              |    31 |     7 ||    38
       Animate Skeleton  |    10 |     2 ||    12
       Regeneration      |     3 |     2 ||     5
       Animate Dead      |       |     4 ||     4
  Use: Scroll            |     2 |     2 ||     4
 Stab: Sleeping          |       |     5 ||     5
       Distracted        |       |     1 ||     1
  Eat: Chunk             |     6 |     6 ||    12
Armor: Robe              |    21 |    17 ||    38
Dodge: Dodged            |    74 |    58 ||   132
